 Dungeon Crawl Stone Soup version 0.28-a0-1624-g820543e53a (webtiles) character file.

Game seed: 4177819656501249388

74 hatsuma the Magician (level 4, 0/25 HPs)
             Began as a Deep Elf Hedge Wizard on Jan 23, 2022.
             Slain by an ufetubus (1 damage)
             ... on level 4 of the Dungeon.
             The game lasted 00:24:29 (3685 turns).

hatsuma the Magician (Deep Elf Hedge Wizard)        Turns: 3685, Time: 00:24:31

Health: 0/25       AC:  7    Str:  7    XL:     4   Next: 9%
Magic:  12/12      EV: 12    Int: 21    God:
Gold:   78         SH:  0    Dex: 14    Spells: 5/11 levels left

rFire   . . .      SeeInvis .   a - +0 dagger (spect)
rCold   . . .      Faith    .   (no shield)
rNeg    . . .      Spirit   .   b - +0 robe
rPois   .          Reflect  .   i - +0 helmet
rElec   .          Harm     .   o - +0 cloak
rCorr   .          Rampage  .   (no gloves)
Will    .....                   k - +2 pair of boots
Stlth   +.........              (no amulet)
HPRegen 0.08/turn               (no ring)
MPRegen 0.13/turn               (no ring)

@: brilliant, silenced, attractive
A: no striking features
a: no special abilities


You were on level 4 of the Dungeon.
You visited 1 branch of the dungeon, and saw 5 of its levels.

You collected 78 gold pieces.

Inventory:

Hand Weapons
 a - a +0 spectral dagger (weapon)
Missiles
 h - a boomerang of dispersal
 j - 35 arrows
Armour
 b - a +0 robe (worn)
 i - a +0 helmet (worn)
 k - a +2 pair of boots (worn)
 o - a +0 cloak (worn)
Scrolls
 n - a scroll of teleportation {unknown}
Potions
 l - a potion of degeneration {unknown}
 m - a potion of experience {unknown}
 p - a potion of curing {unknown}


   Skills:
 - Level 1.0 Fighting
 - Level 2.1 Short Blades
 - Level 2.5 Dodging
 - Level 2.4 Stealth
 - Level 4.4 Spellcasting
 - Level 2.0 Conjurations
 - Level 2.0 Summonings
 - Level 1.1 Translocations
 + Level 0.6 Poison Magic


You had 5 spell levels left.
You knew the following spells:

 Your Spells              Type           Power      Damage    Failure   Level
a - Magic Dart            Conj           80%        1d7       4%          1
b - Call Imp              Summ           19%        N/A       8%          2
c - Mephitic Cloud        Conj/Pois/Air  12%        N/A       24%         3

Your spell library contained the following spells:

 Spells                   Type           Power      Damage    Failure   Level
 Sting                    Tmut/Pois      36%        1d4       10%         1
 Blink                    Tloc           26%        N/A       11%         2
 Slow                     Hex            24%        N/A       12%         1
 Poisonous Vapours        Pois/Air       18%        N/A       16%         2
 Conjure Flame            Conj/Fire      13%        6-21      22%         3
 Olgreb's Toxic Radiance  Pois           11%        N/A       65%         4


Dungeon Overview and Level Annotations

Branches:
Dungeon (5/15)
 Temple: D:4-7

Altars:


Message History

* * * LOW HITPOINT WARNING * * *
The ufetubus barely misses you.
The giant cockroach bites you but does no damage.
The giant cockroach closely misses you.
A dart slug comes into view.
There is an open door here.
A hobgoblin comes into view.
The hobgoblin shouts!
The ufetubus barely misses you.
The ufetubus hits you but does no damage.
It was a potion of brilliance.
You feel clever all of a sudden. The ufetubus barely misses you.
The ufetubus hits you.
* * * LOW HITPOINT WARNING * * *
It was a potion of attraction.
You feel attractive to monsters. The ufetubus closely misses you. x2
The ufetubus hits you but does no damage.
The ufetubus closely misses you. The hobgoblin is attracted toward you.
The dart slug is attracted toward you.
It was a potion of mutation.
You feel extremely strange.
You feel a hidden malignance growing inside you.
You no longer feel a malignance within.
The ufetubus hits you.
* * * LOW HITPOINT WARNING * * *
The ufetubus hits you.
* * * LOW HITPOINT WARNING * * *
The hobgoblin closely misses you.
As you read the scroll labelled RIKHEPIMNIY, it crumbles to dust.
It is a scroll of brand weapon.
Your +0 dagger acquires a faint afterimage.
a - a +0 spectral dagger (weapon)
The ufetubus closely misses you. x2
The hobgoblin hits you but does no damage.
The dart slug barely misses you. The ufetubus barely misses you.
The ufetubus closely misses you.
As you read the scroll labelled NUEKLI FONU, it crumbles to dust.
A profound silence engulfs you.
It was a scroll of silence.
The ufetubus hits you.
You die...

#####.. +... .........
#... ......[.. #... ##
........ ###+ .#
#######.....# ###...
.+ #.....#.....#
....... .#
#.....#.....# .......
.# #.....5BK...#
....... .###
#....@#.....# .......
.... #...wg#B....#
...... ....
#.....#.....# #...
....
#.....#.....#######...
....
#.....#.....#.........
....
+.....#.....+.........
....
#.....#.n...#.........
####
#.....#.....#.........
#.....#.........


You could see a dart slug (unsilenced), an ufetubus, a giant cockroach, a
hobgoblin and a kobold.

Vanquished Creatures
  A dart slug (D:2)
  An orc (D:2)
  2 endoplasms
  5 giant cockroaches
  4 hobgoblins
  5 kobolds
  2 quokkas
  2 ball pythons
  A bat (D:1)
  3 frilled lizards
  4 goblins
  2 rats
32 creatures vanquished.

Vanquished Creatures (collateral kills)
  2 adders (D:2)
  A worm (D:2)
  2 dart slugs (D:1)
  An orc (D:4)
  An endoplasm (D:2)
  A hobgoblin (D:1)
  A quokka (D:1)
  A rat (D:2)
10 creatures vanquished.

Vanquished Creatures (others)
  A plant (D:4)
1 creature vanquished.

Grand Total: 43 creatures vanquished

Notes
Turn   | Place    | Note
-------+----------+-------------------------------------------
     0 | D:1      | hatsuma the Deep Elf Hedge Wizard began the quest for the
                  | Orb.
     0 | D:1      | Reached XP level 1. HP: 10/10 MP: 7/7
    42 | D:1      | Reached skill level 1 in Short Blades
   217 | D:1      | Reached XP level 2. HP: 16/16 MP: 9/9
   296 | D:1      | Reached skill level 1 in Fighting
   808 | D:1      | Learned a level 2 spell: Call Imp
  1779 | D:2      | Reached XP level 3. HP: 20/20 MP: 3/10
  2808 | D:2      | Learned a level 3 spell: Mephitic Cloud
  2978 | D:3      | Reached XP level 4. HP: 25/25 MP: 9/12
  3327 | D:3      | You fall into a shaft and drop 2 floors!
  3327 | D:5      | Entered Level 5 of the Dungeon
  3335 | D:4      | Noticed a necrophage
  3356 | D:4      | Noticed a necrophage
  3566 | D:4      | Noticed a necrophage
  3683 | D:4      | Gained mutation: You have hidden genetic defects. [potion
                  | of mutation]
  3683 | D:4      | Lost mutation: You have hidden genetic defects. [potion of
                  | mutation]
  3683 | D:4      | HP: 1/25 [ufetubus (3)]
  3685 | D:4      | Slain by an ufetubus

Illustrated notes

Levels and vault maps discovered:
D:1:      shiori_arrival_oz, layout_basic
D:2:      layout_basic
D:3:      layout_loops_ring, lemuel_round_altar,
          shapermc_ecumenical_altar_hornbeckon, serial_co_window_serial,
          co_window_paths_a, co_window_paths_a, co_window_corner_a,
          co_window_paths_a, co_window_paths_b, co_window_corner_b,
          co_window_cross_3, co_window_unsneaky_path_e, co_window_broadway_b,
          co_window_unsneaky_path_b, co_window_unsneaky_path_b
D:4:      layout_gridville, serial_forest, infiniplex_forest_clump_long,
          infiniplex_forest_end_2, infiniplex_forest_lined_corner,
          infiniplex_forest_clump_tiny, infiniplex_forest_zigzag_1,
          serial_shops, nicolae_take_the_stairs, kennysheep_flooded_box,
          amcnicky_mini_corridor_feature
D:5:      layout_loops_ring, mainiacjoe_overflow_alcove_2,
          minmay_temple_entry_junction, corexii_item_surrounded_by_moat

Skill      XL: |  1  2  3 |
---------------+----------+-----
Short Blades   | 1 2 |  2.1
Fighting       | 1 |  1.0
Conjurations   | 2 |  2.0
Summonings     | 2 |  2.0
Dodging        | |  2.5
Stealth        | |  2.4
Spellcasting   | |  4.4
Translocations | |  1.1
Poison Magic   | |  0.6

Action                   |  1- 3 |  4- 6 || total
-------------------------+-------+-------++-------
Melee: Dagger            |   117 |    11 ||   128
       Punch             |     1 |       ||     1
Throw: Boomerang         |       |     1 ||     1
 Cast: Magic Dart        |    62 |     3 ||    65
       Call Imp          |     9 |     7 ||    16
  Use: Scroll            |     2 |     2 ||     4
       Potion            |       |     3 ||     3
 Stab: Sleeping          |     7 |       ||     7
Armor: Robe              |    31 |    25 ||    56
Dodge: Dodged            |    69 |    57 ||   126

Table legend: (Time is in decaauts)
 A = Elapsed time spent in this place.
 B = Non-inter-level travel time spent in this place.
 C = Inter-level travel time spent in this place.
 D = Time resting spent in this place.
 E = Time spent auto-exploring this place.
 F = Levels seen in this place.
 G = Mean time per level.
                   A        B        C        D        E       F      G
               +--------+--------+--------+--------+--------+-----+--------+
         Total |   3678 |   3499 |    179 |   2006 |    502 |   5 |  735.6 |
       Dungeon |   3678 |   3499 |    179 |   2006 |    502 |   5 |  735.6 |
               +--------+--------+--------+--------+--------+-----+--------+

Top non-repeatable levels by time:
     D:1: 1851 daAuts
     D:2: 1372 daAuts
     D:4: 351 daAuts
     D:3: 97 daAuts
     D:5: 5 daAuts
